 Dungeon Crawl Stone Soup version 0.20-a0-1126-g0f15420 (webtiles) character file.

142 Naow the Firebug (level 5, -1/31 HPs)
             Began as an Octopode Fire Elementalist on May 17, 2017.
             Slain by a hippogriff (7 damage)
             ... on level 3 of the Dungeon.
             The game lasted 00:02:48 (2554 turns).

Naow the Firebug (Octopode Fire Elementalist)       Turns: 2554, Time: 00:02:49

Health: -1/31      AC:  1    Str:  7    XL:     5   Next: 24%
Magic:  4/9        EV: 13    Int: 18    God:
Gold:   58         SH:  0    Dex: 13    Spells: 8/9 levels left

rFire    . . .     SeeInvis .   f - +0 dagger
rCold    . . .     Gourm    .   (no shield)
rNeg     . . .     Faith    .   (helmet restricted)
rPois    .         Spirit   .   (no amulet)
rElec    .         Reflect  .   (no ring)
rCorr    .         Harm     .   (no ring)
MR       .....                  (no ring)
Stlth    +++.......             (no ring)
Regen    0.1/turn               (no ring)
MPRegen  0.2/turn               (no ring)
                                (no ring)
                                (no ring)

@: no status effects
A: almost no armour, stealthy swim, amphibious, 8 rings, constrict 8, camouflage
1, gelatinous body 1
a: no special abilities


You were on level 3 of the Dungeon.
You were not hungry.

You visited 1 branch of the dungeon, and saw 3 of its levels.

You collected 58 gold pieces.

Inventory:

Hand Weapons
 f - a +0 dagger (weapon)
Armour
 l - a +0 shield
Wands
 k - a wand of flame (27/48)
Scrolls
 c - a scroll of magic mapping {unknown}
 d - 2 scrolls of enchant armour {unknown}
 g - 3 scrolls of teleportation {unknown}
 h - a scroll of immolation {unknown}
 j - 2 scrolls of blinking {unknown}
 m - a scroll of noise {unknown}
 n - 2 scrolls of identify {unknown}
Potions
 e - 2 potions of might {unknown}
 i - a potion of degeneration {unknown}
Books
 a - a book of Flames

   Spells                             Type                      Level
   a - Flame Tongue                   Conjuration/Fire             1
   b - Throw Flame                    Conjuration/Fire             2
   c - Conjure Flame                  Conjuration/Fire             3
   d - Inner Flame                    Hexes/Fire                   3
   e - Sticky Flame                   Conjuration/Fire             4
   f - Fireball                       Conjuration/Fire             5
Comestibles
 b - 4 bread rations
 o - a royal jelly
 p - 3 chunks of flesh
 q - a meat ration


   Skills:
 - Level 0.2 Short Blades
 - Level 2.3 Dodging
 - Level 3.5 Stealth
 + Level 1.0 Shields
 * Level 2.9 Spellcasting
 * Level 2.1 Conjurations
 * Level 4.0 Fire Magic


You had 8 spell levels left.
You knew the following spells:

 Your Spells              Type           Power        Failure   Level  Hunger
a - Flame Tongue          Conj/Fire      ##...        4%          1    None


Dungeon Overview and Level Annotations

Branches:
Dungeon (3/15)

Altars:


Innate Abilities, Weirdness & Mutations

You cannot wear most types of armour.
You are very stealthy in the water. (Stealth+)
You are amphibious.
You can wear up to eight rings at the same time.
You can use your tentacles to constrict eight enemies at once.
Your skin changes colour to match your surroundings (Stealth+).
Your rubbery body absorbs attacks. (AC +1, EV +1)


Message History

The flame tongue hits the hippogriff.
The hippogriff is severely wounded.
The hippogriff bites you. The hippogriff pecks you!
The hippogriff claws you but does no damage.
You hit the hippogriff but do no damage.
Your squeeze misses the hippogriff.
The hippogriff is severely wounded.
The hippogriff bites you!
* * * LOW HITPOINT WARNING * * *
The hippogriff misses you. The hippogriff claws you.
* * * LOW HITPOINT WARNING * * *
Casting: Flame Tongue
Confirm with . or Enter, or press ? or * to list all spells.
Aiming: Flame Tongue
Press: ? - help, Shift-Dir - straight line, f/p - hippogriff
Aim: a hippogriff (severely wounded)
The flame tongue hits the hippogriff.
The hippogriff is almost dead.
The hippogriff bites you!
You die...

.#.....##
........## .. #
.........# . .
.........+ .###.
.........# ....
........# #..#
.#.....## # #..#
###...## #.#H.#
##'## #?#@.# #.#
#....# ####.# ###
###.## .....###.##
#.# ......#.#.##
#.# .........#.#
#.#
......#...######.#
.....###.........#
###### ###########


You could see a hippogriff.

Vanquished Creatures
  Natasha (thrice) (D:2)
  A gnoll (D:1)
  3 worms (D:2)
  4 leopard geckos
  3 bats
  4 giant cockroaches
  4 goblins
  6 hobgoblins
  3 jackals (D:1)
  A frilled lizard (D:2)
  5 kobolds
  7 rats
44 creatures vanquished.

Notes
Turn   | Place    | Note
-------+----------+-------------------------------------------
     0 | D:1      | Naow the Octopode Fire Elementalist began the quest for the Orb.
     0 | D:1      | Reached XP level 1. HP: 11/11 MP: 3/3
    61 | D:1      | Reached XP level 2. HP: 10/17 MP: 0/5
   981 | D:1      | Reached XP level 3. HP: 19/21 MP: 4/6
  1651 | D:2      | Reached XP level 4. HP: 20/27 MP: 7/7
  1844 | D:2      | Noticed Natasha
  1852 | D:2      | Killed Natasha
  2093 | D:2      | Noticed Natasha
  2103 | D:2      | Killed Natasha
  2103 | D:2      | Reached skill level 4 in Fire Magic
  2286 | D:2      | Noticed Natasha
  2328 | D:2      | Killed Natasha
  2328 | D:2      | Reached skill level 1 in Shields
  2328 | D:2      | Reached XP level 5. HP: 24/31 MP: 4/9
  2545 | D:3      | Noticed a hippogriff
  2554 | D:3      | Slain by a hippogriff

Vault maps used:
D:1:      zaba_arrival_water
D:2:      uniq_natasha
D:3:      first_bread, st_stairs_5

Skill      XL: |  1  2  3  4 |
---------------+-------------+-----
Stealth        | 3 |  3.5
Fire Magic     | 4 |  4.0
Shields        | 1 |  1.0
Conjurations   | 2 |  2.1
Short Blades   | |  0.2
Dodging        | |  2.3
Spellcasting   | |  2.9

Action                   |  1- 3 |  4- 6 || total
-------------------------+-------+-------++-------
Melee: Unarmed           |     8 |       ||     8
       Constrict         |    15 |     5 ||    20
       Tentacles         |     5 |     1 ||     6
       Dagger            |    45 |    12 ||    57
 Cast: Flame Tongue      |    31 |    26 ||    57
 Stab: Sleeping          |     4 |       ||     4
  Eat: Chunk             |     3 |     2 ||     5
Armor: Skin              |     7 |     1 ||     8
Dodge: Dodged            |    37 |     9 ||    46
